 Dungeon Crawl Stone Soup version 0.30-a0-722-g3e6e8c874d (webtiles) character file.

Game seed: 1123728826793499064

357 Dittersdorf the Trooper (level 6, -1/40 HPs)
             Began as a Gargoyle Fighter on Jan 27, 2023.
             Was an Initiate of Okawaru.
             Slain by a phantom (3 damage)
             ... on level 4 of the Dungeon.
             The game lasted 00:04:50 (3089 turns).

Dittersdorf the Trooper (Gargoyle Fighter)          Turns: 3089, Time: 00:04:51

Health: -1/40      AC: 16    Str: 21    XL:     6   Next: 64%
Magic:  6/6        EV:  7    Int:  9    God:    Okawaru [......]
Gold:   184        SH:  4    Dex:  9    Spells: 5/5 levels left

rFire   . . .      SeeInvis .    a - +0 flail
rCold   . . .      Faith    .    c - +0 buckler
rNeg    + . .      Spirit   .    f - +0 chain mail
rPois   ∞          Reflect  .    t - +0 helmet
rElec   +          Harm     .    (no cloak)
rCorr   .          Rampage  .    u - +0 pair of gloves
Will    .....                    (no boots) Stlth
                                 (no amulet)
HPRegen 0.26/turn                p - ring of wizardry
MPRegen 0.10/turn                (no ring)

@: no status effects
A: sickness immunity, AC +4, negative energy resistance 1, electricity
resistance, torment resistance 1, petrification resistance
a: Renounce Religion


You were on level 4 of the Dungeon.
You worshipped Okawaru.
Okawaru was noncommittal.
You visited 1 branch of the dungeon, and saw 4 of its levels.
You also visited: Sewer.

You collected 184 gold pieces.

Inventory:

Hand Weapons
 a - a +0 flail (weapon)
Missiles
 m - 6 poisoned darts (quivered)
Armour
 c - a +0 buckler (worn)
 f - a +0 chain mail (worn)
 t - a +0 helmet (worn)
 u - a +0 pair of gloves (worn)
Jewellery
 l - a ring of fire
 p - a ring of wizardry (left hand)
 q - a ring of ice
Scrolls
 b - 2 scrolls of enchant weapon {unknown}
 g - 2 scrolls of blinking
 h - 2 scrolls of teleportation
 o - 3 scrolls of fog {unknown}
 r - 3 scrolls of enchant armour
Potions
 d - 2 potions of might
 i - a potion of heal wounds
 j - a potion of magic {unknown}
 k - a potion of cancellation
 n - 2 potions of curing
 s - 2 potions of mutation
 v - a potion of resistance


   Skills:
 + Level 4.9 Fighting
 + Level 3.7 Maces & Flails
 + Level 4.8 Armour
 + Level 4.8 Shields


You had 5 spell levels left.
You didn't know any spells.
Your spell library contained the following spells:

 Spells                   Type           Power      Damage    Failure   Level
 Magic Dart               Conj           0%         1d3       86%         1
 Slow                     Hex            0%         N/A       86%         1
 Searing Ray              Conj           0%         2d4       93%         2
 Confusing Touch          Hex            0%         N/A       99%         3
 Vampiric Draining        Necr           0%         2d6       99%         3
 Fulminant Prism          Conj/Hex       0%         3d5       100%        4


Dungeon Overview and Level Annotations

Branches:
Dungeon (4/15)              Sewer (visited)
 Temple: D:4-7

Altars:
Elyvilon
Okawaru


Innate Abilities, Weirdness & Mutations

You are immune to sickness and miasma.
Your stone body is resilient. (AC +4)
You are immune to poison.
You resist negative energy. (rN+)
You are resistant to electric shocks. (rElec)
You are resistant to unholy torment.
You are immune to petrification.


Message History

You hit the phantom but do no damage.
The phantom is moderately damaged.
The phantom barely misses you.
You barely miss the phantom.
The phantom is moderately damaged.
The phantom barely misses you.
You miss the phantom.
The phantom is moderately damaged.
The phantom hits you but does no damage. x2
You hit the phantom.
The phantom is moderately damaged.
The phantom hits you but does no damage.
You miss the phantom.
The phantom is moderately damaged.
The phantom hits you.
* * * LOW HITPOINT WARNING * * *
The phantom blinks!
You blink.
Found a ring mail.
Found a stone staircase leading up.
You barely miss the phantom.
The phantom is moderately damaged.
The phantom hits you.
* * * LOW HITPOINT WARNING * * *
You block the phantom's attack.
You hit the phantom but do no damage.
The phantom is moderately damaged.
The phantom closely misses you.
You barely miss the phantom.
The phantom is moderately damaged.
The phantom hits you but does no damage.
You barely miss the phantom.
The phantom is moderately damaged.
The phantom hits you but does no damage.
You closely miss the phantom.
The phantom is moderately damaged.
The phantom completely misses you.
The phantom hits you but does no damage.
You hit the phantom.
The phantom is heavily damaged.
The phantom hits you.
You die...

... ##... ##....
..<.. ..... #[..####
# #.... ......#.# #
#.... ....#.#.# #
#....
#.#####......#..
#....
.......@W..>...#
#..).
#.########.#.#.#
##....
#.#.#.####....#
#.......##....#
#.......##....#
#######.......##.....
.......§......##....#
########.)....###.###
#......# #.#..


You could see a phantom.

Vanquished Creatures
  A water moccasin (Sewer)
  A phantom (D:3)
  3 gnolls (D:4)
  5 adders
  2 river rats (D:3)
  2 worms
  2 dart slugs
  4 orcs (D:3)
  4 endoplasms
  4 giant cockroaches
  4 goblins
  7 hobgoblins
  A jackal (Sewer)
  5 quokkas
  6 ball pythons
  8 bats
  4 frilled lizards (D:1)
  7 kobolds
  9 rats
79 creatures vanquished.

Notes
Turn   | Place    | Note
-------+----------+-------------------------------------------
     0 | D:1      | Dittersdorf the Gargoyle Fighter began the quest for the
                  | Orb.
     0 | D:1      | Reached XP level 1. HP: 14/14 MP: 1/1
   212 | D:1      | Reached XP level 2. HP: 19/19 MP: 2/2
   509 | D:1      | You fall into a shaft and drop 1 floor!
   510 | D:2      | yay!
   654 | D:2      | Reached XP level 3. HP: 23/23 MP: 3/3
  1678 | D:2      | Reached XP level 4. HP: 29/29 MP: 4/4
  1905 | D:3      | Found a glowing drain.
  1926 | Sewer    | Entered a sewer
  2163 | Sewer    | Noticed a water moccasin
  2204 | Sewer    | Killed a water moccasin
  2205 | Sewer    | Reached XP level 5. HP: 18/34 MP: 5/5
  2478 | D:3      | Reached XP level 6. HP: 39/39 MP: 6/6
  2721 | D:3      | Found an iron altar of Okawaru.
  2721 | D:3      | Found a white marble altar of Elyvilon.
  2725 | D:3      | Became a worshipper of Warmaster Okawaru
  2811 | D:3      | Found a faded altar of an unknown god.
  3084 | D:4      | HP: 1/40 [phantom (6)]
  3089 | D:4      | Slain by a phantom

Illustrated notes

..# ... .. ..
.# .#
#.#####.###...
#.....@......#
...#####.####.#
[# .. ... ....
....# ....#


Turn 510 on D:2: yay!

Levels and vault maps discovered:
D:1:      spicycebolla_green_bress_n_ham, layout_loops_corners,
          minmay_pentomino_s4
D:2:      layout_basic
D:3:      layout_rooms, gammafunk_temple_overflow_wave, gup_sewer_entry_bubbles,
          shapermc_ecumenical_altar_ellora
D:4:      layout_basic, kennysheep_little_box, uniq_natasha

Skill      XL: |  1  2  3  4 |
---------------+-------------+-----
Fighting       | 4 |  4.9
Armour         | 4 |  4.8
Shields        | 4 |  4.8
Maces & Flails | 3 |  3.7

Action                     |  1- 3 |  4- 6 || total
---------------------------+-------+-------++-------
  Melee: Flail             |   148 |   221 ||   369
  Throw: Dart              |       |     4 ||     4
    Use: Scroll            |       |    12 ||    12
 Armour: Chain mail        |    97 |   203 ||   300
  Dodge: Dodged            |    66 |    93 ||   159
  Block: Buckler           |    29 |    67 ||    96

Table legend: (Time is in decaauts)
 A = Elapsed time spent in this place.
 B = Non-inter-level travel time spent in this place.
 C = Inter-level travel time spent in this place.
 D = Time resting spent in this place.
 E = Time spent auto-exploring this place.
 F = Levels seen in this place.
 G = Mean time per level.
                   A        B        C        D        E       F      G
               +--------+--------+--------+--------+--------+-----+--------+
         Total |   3237 |   3143 |     94 |    250 |   1928 |   5 |  647.4 |
       Dungeon |   2819 |   2725 |     94 |     14 |   1874 |   4 |  704.8 |
         Sewer |    417 |    417 |      0 |    236 |     54 |   1 |  417.0 |
               +--------+--------+--------+--------+--------+-----+--------+

Top non-repeatable levels by time:
     D:1: 1063 daAuts
     D:3: 800 daAuts
     D:2: 740 daAuts
   Sewer: 417 daAuts
     D:4: 214 daAuts
